 Dungeon Crawl Stone Soup version 0.30.1-11-g7821555f0a (webtiles) character file.

Game seed: 7289992684762983342

109 velnius the Chopper (level 4, -2/61 HPs)
             Began as a Minotaur Berserker on Oct 29, 2023.
             Was a Priest of Trog.
             Slain by an orc priest
             ... wielding a +1 flail of protection
              (6 damage)
             ... on level 3 of the Dungeon.
             The game lasted 00:14:05 (1755 turns).

velnius the Chopper (Minotaur Berserker)            Turns: 1755, Time: 00:14:05

Health: -2/61      AC:  8    Str: 21    XL:     4   Next: 59%
Magic:  3/3        EV: 10    Int:  4    God:    Trog [***...]
Gold:   95         SH:  0    Dex: 12    Spells: 3/3 levels left

rFire   . . .        a - +1 hand axe
rCold   . . .        (no shield)
rNeg    . . .        g - +2 scale mail {Will+}
rPois   .            (helmet restricted)
rElec   .            (no cloak)
rCorr   .            (no gloves)
SInv    .            (no boots)
Will    +....        (no amulet) Stlth
                     (no ring)
HPRegen 0.30/turn    (no ring)
MPRegen 0.08/turn

%: no passive effects
@: berserking, very quick
A: horns 2, retaliatory headbutt
a: Renounce Religion, Berserk, Trog's Hand


You were on level 3 of the Dungeon.
You worshipped Trog.
Trog was most pleased with you.
You visited 1 branch of the dungeon, and saw 3 of its levels.

You collected 95 gold pieces.

Inventory:

Hand Weapons
 a - a +1 hand axe (weapon)
Missiles
 i - 2 poisoned darts (quivered)
Armour
 f - a +1 ring mail
 g - a +2 scale mail of willpower (worn)
Scrolls
 d - 2 scrolls of identify {unknown}
 e - a scroll of amnesia
 h - a scroll of acquirement {unknown}
Potions
 b - a potion of attraction {unknown}
 c - 3 potions of curing {unknown}
 j - a potion of flight {unknown}


   Skills:
 + Level 4.6 Fighting
 + Level 5.1 Axes
 + Level 3.0 Armour
 + Level 2.8 Dodging


You had 3 spell levels left.
You didn't know any spells.
Your spell library was empty.

Dungeon Overview and Level Annotations

Branches:
Dungeon (3/15)

Altars:


Innate Abilities, Weirdness & Mutations

You have a pair of horns on your head.
You reflexively headbutt those who attack you in melee.


Message History

Things that are here:
a +0 mace; a +0 scale mail; an orc corpse The orc priest calls down the wrath of Beogh upon you.
Pain shoots through your body!
A hobgoblin comes into view.
The orc priest closely misses you. You furiously retaliate!
You headbutt the orc priest.
You hit the orc priest but do no damage.
The orc priest is moderately wounded.
The orc priest mumbles some strange prayers to Beogh against you.
Pain shoots through your body!
* * * LOW HITPOINT WARNING * * *
You hit the orc priest but do no damage.
The orc priest is moderately wounded.
The orc priest hits you with a +1 flail of protection!
* * * LOW HITPOINT WARNING * * *
You hit the orc priest but do no damage.
The orc priest is moderately wounded.
The orc priest closely misses you.
A red film seems to cover your vision as you go berserk!
You feel yourself moving faster!
You feel mighty!
The orc priest hits you but does no damage.
You barely miss the orc priest.
The orc priest is moderately wounded.
The orc priest hits you with a +1 flail of protection.
* * * LOW HITPOINT WARNING * * *
You barely miss the orc priest.
The orc priest is moderately wounded.
The orc priest barely misses you.
You hit the orc priest but do no damage.
You headbutt the orc priest.
The orc priest is heavily wounded.
The orc priest mumbles some strange prayers to Beogh against you.
You resist with some effort.
You hit the orc priest but do no damage.
The orc priest is heavily wounded.
You hit the orc priest.
The orc priest is almost dead.
The orc priest hits you with a +1 flail of protection.
You die...

#####......#.####
g... ##.#####.. .
..#.. #.# ### #
....### #.#
.....##### #.#
####.#.#...###.#
...........~##.##
#......~..~#..#
#.....@o~.~##.#
#...)≈≈≈≈≈≈≈#)#
#.............#
#........####†#
#........####.#
########.##...#
#.##.#.# #.##.#.#
#......#


You could see an orc priest.

Vanquished Creatures
  Terence (D:2)
  An adder (D:2)
  2 dart slugs (D:1)
  4 orcs (D:3)
  4 ball pythons
  8 bats
  6 endoplasms
  4 giant cockroaches
  9 goblins
  7 hobgoblins
  2 jackals (D:1)
  A quokka (D:1)
  8 frilled lizards
  3 kobolds
  3 rats
63 creatures vanquished.

Notes
Turn   | Place    | Note
-------+----------+-------------------------------------------
     0 | D:1      | velnius the Minotaur Berserker began the quest for the Orb.
     0 | D:1      | Reached XP level 1. HP: 19/19 MP: 0/0
   202 | D:1      | Reached XP level 2. HP: 25/27 MP: 1/1
   303 | D:1      | Reached skill level 4 in Axes
   493 | D:1      | Reached ** piety under Trog
   662 | D:1      | Reached XP level 3. HP: 23/33 MP: 2/2
   736 | D:1      | Found a faded altar of an unknown god.
  1096 | D:2      | Noticed Terence
  1111 | D:2      | Killed Terence
  1112 | D:2      | Reached XP level 4. HP: 31/41 MP: 3/3
  1115 | D:2      | Reached skill level 5 in Axes
  1694 | D:3      | Reached *** piety under Trog
  1748 | D:3      | HP: 2/41 [orc priest/+1 flail of protection (8)]
  1755 | D:3      | Slain by an orc priest

Illustrated notes

Levels and vault maps discovered:
D:1:      minmay_arrival_doors, layout_basic,
          shapermc_ecumenical_altar_mp_urbaneastern
D:2:      layout_rooms, uniq_terence
D:3:      layout_loops_cross, chequers_temple_overflow_statue_of_worship,
          chequers_serial_rivers_micro_e

Skill      XL: |  1  2  3  4 |
---------------+-------------+-----
Fighting       | 4 |  4.6
Axes           | 4 5 |  5.1
Armour         | 3 |  3.0
Dodging        | |  2.8

Action                     |  1- 3 |  4- 6 || total
---------------------------+-------+-------++-------
  Melee: Hand axe          |    95 |    35 ||   130
         Headbutt          |    11 |     5 ||    16
  Throw: Dart              |       |     6 ||     6
 Invoke: Berserk           |       |     1 ||     1
    Use: Scroll            |     2 |     3 ||     5
 Armour: Animal skin       |     6 |       ||     6
         Ring mail         |    20 |       ||    20
         Scale mail        |       |     6 ||     6
  Dodge: Dodged            |    48 |    12 ||    60
